3L
WIZARDING EXPRESS @ ROCKY MOUNTAIN NUGGETS
08/07/2023
 
TOP OF THE 1ST
Wizarding Express batting - Pitching for Rocky Mountain Nuggets : LHP Alfonso Zapata
Pitching: LHP Alfonso Zapata
Batting: LHB Kyung-chor Pang 0-0: Bunt missed!
0-1: SINGLE (Groundball, 56D)
Batting: LHB Júlio Valentín 0-0: Ball
1-0: Fly out, F9 (Flyball, 89S)
Batting: RHB António Martínez 0-0: Ball
1-0: Swinging Strike
1-1: Ball
2-1: Foul Ball, location: 2F
2-2: Foul Ball, location: 2F
2-2: Strikes out swinging
Batting: LHB Nathan Tanner 0-0: Ball
1-0: Ball
2-0: Ground out 4-3 (Groundball, 4S)
Top of the 1st over - 0 run(s), 1 hit(s), 0 error(s), 1 left on base; Wizarding 0 - Rocky Mountain 0
BOTTOM OF THE 1ST
Rocky Mountain Nuggets batting - Pitching for Wizarding Express : RHP Henry Hall
Pitching: RHP Henry Hall
Batting: RHB Mark Melton 0-0: Ball
1-0: Foul Ball, location: 2F
1-1: Fly out, F6 (Popup, 56D)
Batting: RHB Iván Vega 0-0: SINGLE (Groundball, 56D)
Batting: LHB Juan Ríos 0-0: Ball
Iván Vega steals 2nd base
1-0: Called Strike
Iván Vega steals 3rd base
1-1: Ball
2-1: Ball
3-1: Ground out 6-3 (Groundball, 6)
Iván Vega scores
Batting: RHB David Verhoeve 0-0: Ball
1-0: Ball
2-0: Fly out, F7 (Line Drive, 78M)
Bottom of the 1st over - 1 run(s), 1 hit(s), 0 error(s), 0 left on base; Wizarding 0 - Rocky Mountain 1
TOP OF THE 2ND
Wizarding Express batting - Pitching for Rocky Mountain Nuggets : LHP Alfonso Zapata
Batting: RHB Tenshin Ichikawa 0-0: Ball
1-0: Foul Ball, location: 2F
1-1: Called Strike
1-2: Ball
2-2: Fly out, F9 (Flyball, 89M)
Batting: LHB Emílio Sáenz 0-0: Called Strike
0-1: Called Strike
0-2: Strikes out swinging
Batting: RHB Turner Coleman 0-0: Called Strike
0-1: Ground out 6-3 (Groundball, 6)
Top of the 2nd over - 0 run(s), 0 hit(s), 0 error(s), 0 left on base; Wizarding 0 - Rocky Mountain 1
BOTTOM OF THE 2ND
Rocky Mountain Nuggets batting - Pitching for Wizarding Express : RHP Henry Hall
Batting: LHB Randy Bowen 0-0: Ground out 4-3 (Groundball, 4)
Batting: LHB Javier Sánchez 0-0: Ball
1-0: Called Strike
1-1: Ground out 6-3 (Groundball, 6M)
Batting: RHB Michael Riley 0-0: Swinging Strike
0-1: Foul Ball, location: 2F
0-2: Foul Ball, location: 2F
0-2: Ball
1-2: Ball
2-2: Fly out, F9 (Flyball, 89XD)
Bottom of the 2nd over - 0 run(s), 0 hit(s), 0 error(s), 0 left on base; Wizarding 0 - Rocky Mountain 1
TOP OF THE 3RD
Wizarding Express batting - Pitching for Rocky Mountain Nuggets : LHP Alfonso Zapata
Batting: RHB Nathan Clay 0-0: Ball
1-0: Ball
2-0: Swinging Strike
2-1: Called Strike
2-2: Foul Ball, location: 2F
2-2: Foul Ball, location: 2F
2-2: Foul Ball, location: 2F
2-2: Strikes out looking
Batting: SHB Eiji Suzuki 0-0: Reached on error, E5 (Groundball, 5L)
Batting: LHB Kyung-chor Pang 0-0: Called Strike
0-1: Ball
1-1: Swinging Strike
1-2: Ball
2-2: Ball
3-2: Base on Balls
Eiji Suzuki to second
Batting: LHB Júlio Valentín 0-0: Ball
1-0: Foul Ball, location: 2F
1-1: Ball
2-1: Fielders Choice at 2nd, 3-6 (Groundball, 3)
Eiji Suzuki to third
Batting: RHB António Martínez 0-0: Swinging Strike
0-1: Ball
1-1: Foul Ball, location: 2F
1-2: Foul Ball, location: 2F
1-2: Strikes out swinging
Top of the 3rd over - 0 run(s), 0 hit(s), 1 error(s), 2 left on base; Wizarding 0 - Rocky Mountain 1
BOTTOM OF THE 3RD
Rocky Mountain Nuggets batting - Pitching for Wizarding Express : RHP Henry Hall
Batting: SHB Jorge Colomo 0-0: Fly out, F8 (Flyball, 8LM)
Batting: RHB Juan Ávila 0-0: Fly out, F3 (Popup, 3SF)
Batting: RHB Mark Melton 0-0: Foul Ball, location: 2F
0-1: Ball
1-1: Swinging Strike
1-2: Foul Ball, location: 2F
1-2: DOUBLE (Line Drive, 7LM)
Batting: RHB Iván Vega 0-0: Foul Ball, location: 2F
0-1: Fly out, F6 (Popup, 6M)
Bottom of the 3rd over - 0 run(s), 1 hit(s), 0 error(s), 1 left on base; Wizarding 0 - Rocky Mountain 1
TOP OF THE 4TH
Wizarding Express batting - Pitching for Rocky Mountain Nuggets : LHP Alfonso Zapata
Batting: LHB Nathan Tanner 0-0: Ball
1-0: Foul Ball, location: 2F
1-1: Foul Ball, location: 2F
1-2: Strikes out swinging
Batting: RHB Tenshin Ichikawa 0-0: Called Strike
0-1: Ball
1-1: Ground out 5-3 (Groundball, 56)
Batting: LHB Emílio Sáenz 0-0: SINGLE (Line Drive, 89S)
Batting: RHB Turner Coleman 0-0: SINGLE (Line Drive, 78M)
Emílio Sáenz to second
Batting: RHB Nathan Clay 0-0: Called Strike
0-1: Called Strike
0-2: Ball
1-2: DOUBLE (Flyball, 8LXD)
Emílio Sáenz scores
Turner Coleman to third
Runner from 3rd tries for Home, SAFE, no throw or cutoff
Batting: SHB Eiji Suzuki 0-0: Called Strike
0-1: Swinging Strike
0-2: Foul Ball, location: 2F
0-2: Strikes out swinging
Top of the 4th over - 2 run(s), 3 hit(s), 0 error(s), 1 left on base; Wizarding 2 - Rocky Mountain 1
BOTTOM OF THE 4TH
Rocky Mountain Nuggets batting - Pitching for Wizarding Express : RHP Henry Hall
Batting: LHB Juan Ríos 0-0: Fly out, F7 (Flyball, 78D)
Batting: RHB David Verhoeve 0-0: Called Strike
0-1: SOLO HOME RUN (Line Drive, 78XD), Distance : 411 ft
Batting: LHB Randy Bowen 0-0: Ground out U3 (Groundball, 3L)
Batting: LHB Javier Sánchez 0-0: Called Strike
0-1: Swinging Strike
0-2: Ground out 4-3 (Groundball, 4)
Bottom of the 4th over - 1 run(s), 1 hit(s), 0 error(s), 0 left on base; Wizarding 2 - Rocky Mountain 2
TOP OF THE 5TH
Wizarding Express batting - Pitching for Rocky Mountain Nuggets : LHP Alfonso Zapata
Batting: LHB Kyung-chor Pang 0-0: Called Strike
0-1: Ball
1-1: Ball
2-1: Ball
3-1: Called Strike
3-2: Strikes out looking
Batting: LHB Júlio Valentín 0-0: Called Strike
0-1: Ball
1-1: Swinging Strike
1-2: Fly out, F8 (Flyball, 8RS)
Batting: RHB António Martínez 0-0: Ground out 5-3 (Groundball, 5L)
Top of the 5th over - 0 run(s), 0 hit(s), 0 error(s), 0 left on base; Wizarding 2 - Rocky Mountain 2
BOTTOM OF THE 5TH
Rocky Mountain Nuggets batting - Pitching for Wizarding Express : RHP Henry Hall
Batting: RHB Michael Riley 0-0: Ball
1-0: Ball
2-0: Foul Ball, location: 2F
2-1: Called Strike
2-2: Ball
3-2: Foul Ball, location: 2F
3-2: Foul Ball, location: 2F
3-2: Foul Ball, location: 2F
3-2: Ground out 1-3 (Groundball, 13S)
Batting: SHB Jorge Colomo 0-0: Called Strike
0-1: DOUBLE (Flyball, 78M)
Batting: RHB Juan Ávila 0-0: Ball
1-0: Called Strike
1-1: Swinging Strike
1-2: Strikes out swinging
Batting: RHB Mark Melton 0-0: Ball
1-0: Ball
2-0: Ball
3-0: Foul Ball, location: 2F
3-1: Called Strike
3-2: Base on Balls
Batting: RHB Iván Vega 0-0: Ball
1-0: Swinging Strike
1-1: Ball
2-1: Fly out, F6 (Popup, 6M)
Bottom of the 5th over - 0 run(s), 1 hit(s), 0 error(s), 2 left on base; Wizarding 2 - Rocky Mountain 2
TOP OF THE 6TH
Wizarding Express batting - Pitching for Rocky Mountain Nuggets : LHP Alfonso Zapata
Batting: LHB Nathan Tanner 0-0: Foul Ball, location: 2F
0-1: Ball
1-1: Ball
2-1: Ball
3-1: Base on Balls
Batting: RHB Tenshin Ichikawa 0-0: Ball
1-0: Grounds into double play, 4-6-3 (Groundball, 34)
Batting: LHB Emílio Sáenz 0-0: Foul Ball, location: 2F
0-1: Foul Ball, location: 2F
0-2: Strikes out looking
Top of the 6th over - 0 run(s), 0 hit(s), 0 error(s), 0 left on base; Wizarding 2 - Rocky Mountain 2
BOTTOM OF THE 6TH
Rocky Mountain Nuggets batting - Pitching for Wizarding Express : RHP Henry Hall
Batting: LHB Juan Ríos 0-0: Ball
1-0: Ball
2-0: Ground out 4-3 (Groundball, 34)
Batting: RHB David Verhoeve 0-0: Foul Ball, location: 2F
0-1: SINGLE (Line Drive, 7S)
Batting: LHB Randy Bowen 0-0: Ball
1-0: Ball
2-0: Foul Ball, location: 2F
2-1: Foul Ball, location: 2F
2-2: Foul Ball, location: 2F
2-2: Ball
David Verhoeve steals 2nd base
Single, Error in OF, E8, batter to second base
David Verhoeve scores
Batting: LHB Javier Sánchez 0-0: Called Strike
0-1: Foul Ball, location: 2F
0-2: SINGLE (Line Drive, 89M)
Randy Bowen to third
Batting: RHB Michael Riley 0-0: Ball
1-0: Ground out 5-3 (Groundball, 5S)
Randy Bowen scores
Javier Sánchez to second
Batting: SHB Jorge Colomo 0-0: Swinging Strike
0-1: Foul Ball, location: 2F
0-2: Ball
1-2: Foul Ball, location: 2F
1-2: Ball
2-2: Ground out 5-3 (Groundball, 56S)
Bottom of the 6th over - 2 run(s), 3 hit(s), 1 error(s), 1 left on base; Wizarding 2 - Rocky Mountain 4
TOP OF THE 7TH
Wizarding Express batting - Pitching for Rocky Mountain Nuggets : LHP Alfonso Zapata
Batting: RHB Turner Coleman 0-0: Called Strike
0-1: Ground out 5-3 (Groundball, 5S)
Batting: RHB Nathan Clay 0-0: Ball
1-0: Called Strike
1-1: Swinging Strike
1-2: Ball
2-2: Hit by Pitch
Batting: SHB Eiji Suzuki 0-0: Ball
1-0: Ball
2-0: Ball
3-0: Base on Balls
Nathan Clay to second
Batting: LHB Kyung-chor Pang 0-0: Foul Ball, location: 2F
0-1: Ball
1-1: Ball
2-1: Foul Ball, location: 2F
2-2: SINGLE (Flyball, 8LS)
Nathan Clay to third
Eiji Suzuki to second
Runner from 3rd tries for Home, SAFE, no throw or cutoff
Batting: LHB Júlio Valentín 0-0: Fly out, F7 (Line Drive, 78M)
Batting: RHB António Martínez 0-0: Ground out 6-3 (Groundball, 6)
Top of the 7th over - 1 run(s), 1 hit(s), 0 error(s), 2 left on base; Wizarding 3 - Rocky Mountain 4
BOTTOM OF THE 7TH
Rocky Mountain Nuggets batting - Pitching for Wizarding Express : RHP Henry Hall
Batting: RHB Juan Ávila 0-0: Ball
1-0: Ground out 6-3 (Groundball, 6M)
Batting: RHB Mark Melton 0-0: Ball
1-0: Swinging Strike
1-1: Foul Ball, location: 2F
1-2: Ball
2-2: Strikes out looking
Batting: RHB Iván Vega 0-0: Fly out, F1 (Popup, 23)
Bottom of the 7th over - 0 run(s), 0 hit(s), 0 error(s), 0 left on base; Wizarding 3 - Rocky Mountain 4
TOP OF THE 8TH
Wizarding Express batting - Pitching for Rocky Mountain Nuggets : LHP Alfonso Zapata
Batting: LHB Nathan Tanner 0-0: Ball
1-0: Ball
2-0: Ball
3-0: Called Strike
3-1: Foul Ball, location: 2F
3-2: Foul Ball, location: 2F
3-2: Foul Ball, location: 2F
3-2: DOUBLE (Line Drive, 89D)
Batting: RHB Tenshin Ichikawa 0-0: Swinging Strike
0-1: Ball
1-1: Called Strike
Nathan Tanner steals 3rd base
1-2: Strikes out swinging
Batting: LHB Emílio Sáenz 0-0: Ball
1-0: Foul Ball, location: 2F
1-1: Called Strike
1-2: Ball
2-2: Ball
3-2: 2-RUN HOME RUN (Line Drive, 7LD), Distance : 353 ft
Batting: RHB Turner Coleman 0-0: Ball
1-0: Fly out, F7 (Flyball, 7D)
Batting: RHB Nathan Clay 0-0: Foul Ball, location: 2F
0-1: Ball
1-1: Ball
2-1: Fly out, F8 (Line Drive, 8RM)
Top of the 8th over - 2 run(s), 2 hit(s), 0 error(s), 0 left on base; Wizarding 5 - Rocky Mountain 4
BOTTOM OF THE 8TH
Rocky Mountain Nuggets batting - Pitching for Wizarding Express : RHP Henry Hall
Batting: LHB Juan Ríos 0-0: Ground out 4-3 (Groundball, 4)
Pitching: RHP Enrico Reséndez
Batting: RHB David Verhoeve 0-0: Ground out 5-3 (Groundball, 56)
Batting: LHB Randy Bowen 0-0: Foul Ball, location: 2F
0-1: Ball
1-1: Ball
2-1: Ball
3-1: Swinging Strike
3-2: Base on Balls
Batting: LHB Javier Sánchez 0-0: Ball
1-0: Foul Ball, location: 2F
1-1: Foul Ball, location: 2F
1-2: Foul Ball, location: 2F
1-2: SINGLE (Groundball, 3D)
Randy Bowen to second
Runner from 2nd tries for 3rd, SAFE, throw made to third
Batting: RHB Michael Riley 0-0: Ball
1-0: Swinging Strike
1-1: Foul Ball, location: 2F
1-2: Ball
2-2: Ball
3-2: Strikes out looking
Bottom of the 8th over - 0 run(s), 1 hit(s), 0 error(s), 2 left on base; Wizarding 5 - Rocky Mountain 4
TOP OF THE 9TH
Wizarding Express batting - Pitching for Rocky Mountain Nuggets : LHP Alfonso Zapata
Batting: SHB Eiji Suzuki 0-0: Ball
1-0: Ball
2-0: Ground out 6-3 (Groundball, 6)
Batting: LHB Kyung-chor Pang 0-0: Foul Ball, location: 2F
0-1: Ball
1-1: Called Strike
1-2: Foul Ball, location: 2F
1-2: Foul Ball, location: 2F
1-2: Ball
2-2: Foul Ball, location: 2F
2-2: Ball
3-2: Base on Balls
Pitching: RHP Jorge Garza
Batting: LHB Júlio Valentín 0-0: Ball
Kyung-chor Pang is caught stealing 2nd base
1-0: Foul Ball, location: 2F
1-1: Ball
2-1: Ball
3-1: SINGLE (Line Drive, 34)
Batting: RHB António Martínez 0-0: SINGLE (Groundball, 56D)
Júlio Valentín to second
Batting: LHB Nathan Tanner 0-0: Ball
1-0: Called Strike
1-1: Ball
2-1: Foul Ball, location: 2F
2-2: Foul Ball, location: 2F
2-2: Foul Ball, location: 2F
2-2: Fielders Choice at 2nd, U6 (Groundball, 6M)
Top of the 9th over - 0 run(s), 2 hit(s), 0 error(s), 2 left on base; Wizarding 5 - Rocky Mountain 4
BOTTOM OF THE 9TH
Rocky Mountain Nuggets batting - Pitching for Wizarding Express : RHP Enrico Reséndez
Pitching: RHP Jackson Haines
Pinch Hitting: RHB Mike Green 0-0: Called Strike
0-1: Ball
1-1: Called Strike
1-2: Strikes out looking
Batting: RHB Juan Ávila 0-0: Called Strike
0-1: Foul Ball, location: 2F
0-2: Ball
1-2: Ground out 4-3 (Groundball, 4)
Batting: RHB Mark Melton 0-0: Ball
1-0: Called Strike
1-1: Ball
2-1: Fly out, F6 (Line Drive, 6)
Bottom of the 9th over - 0 run(s), 0 hit(s), 0 error(s), 0 left on base; Wizarding 5 - Rocky Mountain 4
This league is powered by Out of the Park Baseball, the baseball management simulation game for PC, Mac and Linux
Friday, July 8th, 2016 - OOTP Baseball 16.9 Build 39